AoeStats
← [Df]Limerick

MegaRandom

509756030Analyzed
2v2 RM · 3d ago on Sep 27, 2026· 64m 29s· 4 players
Game mode
Random Map
Map size
Medium (4 player)
Population
200
Speed
Normal
Resources
Standard
Victory
Conquest
Starting age
Dark Age
Ending age
Imperial Age
RankedLock teamsTeams togetherTeam positionsShared explorationLock speedFull tech treeHidden civsTurbo modeCheats
Victory
Defeat
🇳🇮 Gurjaras · Nicaragua
899
+18
🇬🇹 Danes · Guatemala
898
+18
🇨🇱 Romans · Chile
1021
-21
🇨🇱 Vietnamese · Chile
871
-15
L A C A J A
3:13 Loom
10:47 Feudal Age
11:36 Double-Bit Axe
12:02 Man-at-Arms
14:23 Forging
18:49 Scale Mail Armor
23:24 Castle Age
24:18 Squires
23:42 Long Swordsman
27:08 Stone Mining
28:08 Pikeman
31:58 Bow Saw
35:34 Horse Collar
38:46 Wheelbarrow
37:56 Town Watch
40:23 Chain Mail Armor
42:57 Ballistas
44:51 Ballistics
51:36 Imperial Age
49:55 Murder Holes
54:07 Chemistry
53:27 Husbandry
54:15 Comitatenses
55:36 Siege Engineers
62:06 Iron Casting
62:12 Scale Barding Armor
[Df]Limerick
11:50 Feudal Age
14:19 Wheelbarrow
25:23 Castle Age
23:43 Bloodlines
26:08 Scale Barding Armor
26:17 Forging
29:57 Hand Cart
36:34 Imperial Age
34:35 Pikeman
35:15 Squires
37:33 Chain Barding Armor
37:54 Iron Casting
DrJan
4:54 Loom
11:12 Feudal Age
11:44 Double-Bit Axe
17:15 Horse Collar
20:50 Castle Age
22:53 Heavy Plow
23:08 Bow Saw
23:02 Town Watch
24:15 Wheelbarrow
25:39 Scale Mail Armor
28:01 Forging
28:31 Gold Mining
32:10 Imperial Age
31:03 Kshatriyas
32:36 Gold Shaft Mining
32:57 Iron Casting
32:40 Scale Barding Armor
32:50 Bloodlines
32:40 Husbandry
34:30 Frontier Guards
34:33 Conscription
33:53 Heavy Camel Rider
36:10 Chain Barding Armor
36:44 Hand Cart
43:39 Town Patrol
45:48 Coinage
47:58 Banking
maestro.skippy
12:17 Feudal Age
13:10 Horse Collar
13:19 Double-Bit Axe
14:18 Bloodlines
20:28 Forging
20:11 Fletching
21:44 Stone Mining
22:29 Gold Mining
30:44 Castle Age
29:10 Padded Archer Armor
32:06 Stone Shaft Mining
32:02 Bow Saw
31:27 Crossbowman
32:15 Thumb Ring
32:52 Heavy Plow
35:26 Ballistics
36:24 Gold Shaft Mining
36:24 Murder Holes
36:41 Bodkin Arrow
38:50 Forging
38:40 Scale Mail Armor
40:41 Iron Casting
41:58 Wheelbarrow
41:10 Town Watch
45:03 Imperial Age
44:08 Hand Cart
44:53 Loom
45:53 Caravan
46:35 Conscription
45:43 Northmen's Fury
47:17 Onager
49:17 Siege Engineers
50:14 Chemistry
48:37 Siege Onager
49:36 Elite Varangian Guard
50:18 Squires
50:03 Gambesons
50:04 Arson
50:41 Elite Jomsviking
50:53 Hamask
54:09 Blast Furnace
54:17 Chain Mail Armor
Connection lost

Rejoining the realm…

Still unreachable

The connection could not be restored.

Session expired

The server has moved on; the page needs a fresh start.